 Dungeon Crawl Stone Soup version 0.22-a0-268-g1cc83ef (webtiles) character file.

57 Deeps the Firebug (level 3, 0/26 HPs)
             Began as a Draconian Fire Elementalist on Mar 10, 2018.
             Succumbed to an adder's poison
             ... on level 2 of the Dungeon.
             The game lasted 00:02:49 (1130 turns).

Deeps the Firebug (Draconian Fire Elementalist)     Turns: 1130, Time: 00:02:50

Health: 0/26       AC:  5    Str: 10    XL:     3   Next: 73%
Magic:  0/7        EV: 12    Int: 16    God:
Gold:   77         SH:  0    Dex: 11    Spells: 7/8 levels left

rFire    . . .     SeeInvis .   c - +0 dagger
rCold    . . .     Gourm    .   (no shield)
rNeg     . . .     Faith    .   (armour unavailable)
rPois    .         Spirit   .   (helmet restricted)
rElec    .         Reflect  .   (no cloak)
rCorr    .         Harm     .   (no gloves)
MR       .....                  (no boots)
Stlth    ++........             (no amulet)
HPRegen  0.08/turn              (no ring)
MPRegen  0.10/turn              (no ring)

@: lethally poisoned (0 -> -5), flying
A: unfitting armour, cold-blooded, AC +5
a: no special abilities


You were on level 2 of the Dungeon.
You were very hungry.

You visited 1 branch of the dungeon, and saw 2 of its levels.

You collected 77 gold pieces.

Inventory:

Hand Weapons
 c - a +0 dagger (weapon)
Jewellery
 a - an uncursed ring of resist corrosion
Scrolls
 d - a scroll of teleportation
 e - a scroll of identify {unknown}
 g - a scroll of immolation {unknown}
 i - a scroll of enchant weapon {unknown}
Comestibles
 b - 7 rations


   Skills:
 - Level 1.7 Dodging
 - Level 1.7 Stealth
 + Level 3.0 Spellcasting
 - Level 1.0 Conjurations
 + Level 3.9 Fire Magic


You had 7 spell levels left.
You knew the following spells:

 Your Spells              Type           Power        Failure   Level  Hunger
a - Flame Tongue          Conj/Fire      ##...        7%          1    #......


Dungeon Overview and Level Annotations

Branches:
Dungeon (2/15)

Altars:


Innate Abilities, Weirdness & Mutations

Your plain brown scales are hard. (AC +5)
You cannot fit into any form of body armour.
You are cold-blooded and may be slowed by cold attacks.


Message History

Found a ration and a scroll labeled BORAUL KAODOU.
Found an escape hatch in the ceiling.
Found a stone staircase leading up.
A bat, a rat, a giant cockroach and a kobold come into view.
Casting: Flame Tongue (safe; 7% risk of failure)
Confirm with . or Enter, or press ? or * to list all spells.
Aiming: Flame Tongue (safe; 7% risk of failure)
Press: ? - help, Shift-Dir - straight line, f - kobold
Aim: a kobold, wielding a short sword (resting)
The flame tongue hits the kobold.
The kobold is heavily wounded.
The kobold shouts!
* * * LOW HITPOINT WARNING * * *
You feel sick.
An ooze comes into view.
There isn't anything here!
Sorry, you're not good enough to have a special ability.
You closely miss the kobold.
The kobold is heavily wounded.
The kobold barely misses you. The bat hits you but does no damage.
You die...

r...?.. .
##....... #.
#........
.####........
...#........
#.#........
#..bK......
#<.J..s...
#@##....<.
#.# ...#. #%#
#.# # ..# .#
.###### .## #
....... #. #
######. #. .
#.. .. #. #.#
#.## #(#


You could see an ooze, a giant cockroach, a bat and a kobold.

Vanquished Creatures
  2 oozes (D:1)
  3 dart slugs
  2 leopard geckos
  2 giant cockroaches
  8 hobgoblins
  4 jackals (D:1)
  6 bats (D:1)
  A frilled lizard (D:1)
  3 goblins (D:1)
  3 kobolds (D:1)
  4 rats
38 creatures vanquished.

Notes
Turn   | Place    | Note
-------+----------+-------------------------------------------
     0 | D:1      | Deeps the Draconian Fire Elementalist began the quest for the Orb.
     0 | D:1      | Reached XP level 1. HP: 14/14 MP: 3/3
    70 | D:1      | Reached XP level 2. HP: 18/20 MP: 0/5
   381 | D:1      | Reached XP level 3. HP: 18/26 MP: 0/7
  1128 | D:2      | HP: 1/26 [poisoned by an adder]
  1130 | D:2      | Succumbed to an adder's poison

Vault maps used:
D:1:      elethiomel_arrival_infinity_welcomes_careful_drivers
D:2:      lemuel_coloured_pillars_altar, first_ration

Skill      XL: |  1  2  3 |
---------------+----------+-----
Spellcasting   | 3 |  3.0
Dodging        | |  1.7
Stealth        | |  1.7
Conjurations   | |  1.0
Fire Magic     | |  3.9

Action                   || total
-------------------------++-------
Melee: Unarmed           ||    13
       Dagger            ||    11
       Tailslap          ||     4
 Cast: Flame Tongue      ||    61
  Use: Potion            ||     2
       Scroll            ||     1
 Stab: Sleeping          ||     1
Armor: Skin              ||    25
Dodge: Dodged            ||    30

Table legend:
 A = Spawn XP
 B = Non-spawn XP
 C = Spawn XP percentage of total XP
 D = Spawn monster count
 E = Non-spawn monster count
 F = Spawn count percentage of total count
 G = Total turns spent on level
                    A         B        C        D         E        F      G
               +---------+---------+-------+---------+---------+-------+---------
         Total |       0 |      82 |   0.0 |       0 |      38 |   0.0 |  1130
               +---------+---------+-------+---------+---------+-------+---------
           D:1 |       0 |      64 |   0.0 |       0 |      30 |   0.0 |   992
           D:2 |       0 |      18 |   0.0 |       0 |       8 |   0.0 |   138
               +---------+---------+-------+---------+---------+-------+---------
